 Dungeon Crawl Stone Soup version 0.19.5 (webtiles) character file.

406 Unlegit the Skirmisher (level 7, -17/54 HPs)
             Began as a Human Berserker on May 17, 2017.
             Was a Priest of Trog.
             Demolished by a small abomination (24 damage)
             ... on level 2 of the Abyss on May 18, 2017.
             The game lasted 00:19:45 (3218 turns).

Unlegit the Skirmisher (Human Berserker)            Turns: 3218, Time: 00:19:45

Health: -17/54     AC:  6    Str: 19    XL:     7   Next: 12%
Magic:  7/7        EV: 11    Int:  8    God:    Trog [***...]
Gold:   177        SH:  4    Dex: 12    Spells: 0 memorised, 6 levels left

rFire  . . .     SeeInvis .     Q - +0 falchion
rCold  . . .     Gourm    .     N - +0 ring mail
rNeg   . . .     Faith    .     h - +1 buckler
rPois  .         Spirit   .     (no helmet)
rElec  .         Reflect  .     (no cloak)
rCorr  .         Harm     +     F - +0 pair of gloves
MR     .....                    (no boots)
Stlth  +.........               C - amulet of harm
                                (no ring)
                                (no ring)

@: no status effects
A: no striking features
a: Berserk, Trog's Hand, Burn Spellbooks, Renounce Religion


You were on level 2 of the Abyss.
You worshipped Trog.
Trog was most pleased with you.
You were not hungry.

You visited 1 branch of the dungeon, and saw 6 of its levels.
You visited the Abyss 1 time.

You collected 177 gold pieces.

Inventory:

Hand Weapons
 a - a +0 spear
 d - a +0 dagger
 f - a +0 dagger
 g - a +1 short sword of distortion
 j - a +0 halberd
 m - a +0 spear
 q - a +0 club
 r - a +0 hunting sling
 t - a +0 dagger
 v - a +0 flail
 w - a +0 hunting sling
 y - a +0 mace
 G - a +0 blowgun
 H - a +0 short sword
 M - a +0 whip
 Q - a +0 falchion (weapon)
Missiles
 k - 42 poisoned needles
 n - 85 stones (quivered)
 o - 101 sling bullets
 z - 3 needles of paralysis
 L - 21 bolts
 O - 25 arrows
Armour
 b - a +0 animal skin
 e - a +0 leather armour
 h - a +1 buckler (worn)
 l - a +0 pair of gloves
 s - a +1 leather armour
 u - a +0 leather armour
 E - a +0 ring mail
 F - a +0 pair of gloves (worn)
 N - a +0 ring mail (worn)
 R - a +0 chain mail
Jewellery
 C - an amulet of harm (around neck)
Scrolls
 c - 2 scrolls of recharging
 p - 2 scrolls of remove curse
 J - 2 scrolls of identify
 K - a scroll of enchant weapon {unknown}
Potions
 i - 2 potions of curing
 x - a potion of flight {unknown}
 B - a potion of mutation {unknown}
 D - a potion of heal wounds
 P - a potion of might {unknown}
Comestibles
 A - 2 slices of pizza
 I - 2 bread rations


   Skills:
 + Level 4.3 Fighting
 + Level 2.1 Short Blades
 + Level 4.2 Polearms
 + Level 0.4 Throwing
 + Level 3.2 Armour
 + Level 3.4 Dodging
 + Level 1.5 Stealth
 + Level 1.0 Shields


You had 6 spell levels left.
You didn't know any spells.

Dungeon Overview and Level Annotations

Branches:
Dungeon (6/15)
 Temple: D:4-7

Altars:

Annotations:
Abyss:1 Jessica


Message History

You riposte.
You slash the small abomination!
The small abomination is severely damaged.
The small abomination barely misses you.
You hit the small abomination.
The small abomination is severely damaged.
The small abomination hits you!
You hit the small abomination but do no damage.
The small abomination is severely damaged.
The small abomination hits you but does no damage.
The small abomination hits you!
* * * LOW HITPOINT WARNING * * *
You barely miss the small abomination.
The small abomination is severely damaged.
The small abomination barely misses you.
You riposte.
You barely miss the small abomination.
The small abomination is severely damaged.
You closely miss the small abomination.
The small abomination is severely damaged.
The small abomination hits you!!
You die...

# .# . ..
#.. .. .#.#
.#.#. #...#
##.#.##...ยง
# .. ..... #
#.. ###.#
###.####
###@#.. ##
#..x# .#
.#####..# .
##..###
...#.....##
..... ... #
....#.....#
...###
.##.##
#.#####.. ..
#


You could see a small abomination.

Vanquished Creatures
  A howler monkey (D:4)
  2 orc wizards (D:4)
  A bullfrog skeleton (D:3)
  2 worker ants
  4 adders
  4 gnolls (D:2)
  4 leopard geckos
  12 orcs
  A bat (D:1)
  7 giant cockroaches
  6 goblins
  5 hobgoblins
  2 jackals (D:4)
  2 quokkas
  A ball python (D:6)
  9 frilled lizards
  5 kobolds
  A leopard gecko skeleton (D:6)
  8 rats
77 creatures vanquished.

Vanquished Creatures (others)
  A hornet zombie (D:5)
  A worm (D:3)
  A hobgoblin (D:3)
3 creatures vanquished.

Grand Total: 80 creatures vanquished

Notes
Turn   | Place    | Note
-------+----------+-------------------------------------------
     0 | D:1      | Unlegit the Human Berserker began the quest for the Orb.
     0 | D:1      | Reached XP level 1. HP: 18/18 MP: 1/1
    98 | D:1      | Reached XP level 2. HP: 18/24 MP: 2/2
   762 | D:2      | Noticed Jessica
   772 | D:2      | Banished Jessica
   772 | D:2      | Reached XP level 3. HP: 28/29 MP: 3/3
   996 | D:2      | Reached XP level 4. HP: 30/36 MP: 4/4
  1890 | D:3      | You fall through a shaft for 2 floors!
  1890 | D:5      | Entered Level 5 of the Dungeon
  1894 | D:5      | Reached skill level 1 in Short Blades
  1894 | D:5      | Reached skill level 1 in Stealth
  1894 | D:5      | Reached XP level 5. HP: 21/42 MP: 5/5
  1896 | D:5      | Reached ** piety under Trog
  2011 | D:4      | Reached XP level 6. HP: 39/48 MP: 6/6
  2437 | D:3      | Reached skill level 1 in Shields
  2706 | D:3      | Reached XP level 7. HP: 54/54 MP: 7/7
  2830 | D:3      | You fall through a shaft for 3 floors!
  3040 | D:6      | Reached *** piety under Trog
  3127 | D:6      | Cast into level 2 of the Abyss (a distortion unwield)
  3218 | Abyss:2  | Demolished by a small abomination

Skill      XL: |  1  2  3  4  5  6 |
---------------+-------------------+-----
Fighting       | 4 |  4.3
Short Blades   | 1 2 |  2.1
Stealth        | 1 |  1.5
Polearms       | 4 |  4.2
Dodging        | 3 |  3.4
Armour         | 3 |  3.2
Shields        | 1 |  1.0
Throwing       | |  0.4

Action                   |  1- 3 |  4- 6 |  7- 9 || total
-------------------------+-------+-------+-------++-------
Melee: Spear             |    32 |    30 |       ||    62
       Short sword       |    36 |   113 |    19 ||   168
       Falchion          |       |       |    10 ||    10
Throw: Stone             |     4 |       |       ||     4
       Throwing net      |     1 |       |       ||     1
  Use: Scroll            |     7 |     3 |       ||    10
       Potion            |     4 |     1 |       ||     5
 Stab: Sleeping          |     2 |       |     1 ||     3
  Eat: Bread ration      |       |     1 |       ||     1
       Meat ration       |       |       |     1 ||     1
Armor: Animal skin       |     3 |       |       ||     3
       Leather armour    |     4 |    25 |     1 ||    30
       Ring mail         |       |       |     7 ||     7
Dodge: Dodged            |    31 |    62 |     6 ||    99
Block: Buckler           |     6 |    26 |     3 ||    35
       Rpst.: Falchion   |       |       |     2 ||     2
